[Event "WSCC 65 Women 2017"]
[Site "?"]
[Date "2017.11.10"]
[Round "4"]
[White "Gaprindashvili, Nona"]
[Black "Khmiadashvili, Tamar"]
[Result "0-1"]
[ECO "D30"]
[WhiteElo "2306"]
[BlackElo "1982"]
[PlyCount "58"]
[EventDate "2017.??.??"]
[EventType "swiss"]
[EventCountry "ITA"]
[SourceTitle "Acqui Terme"]
[TimeControl "40/5400+30:1800+30"]
[WhiteClock "0:20:44"]
[BlackClock "0:07:59"]

1. d4 d5 2. c4 e6 3. Nf3 Nf6 4. Bg5 Bb4+ 5. Nc3 h6 6. Bxf6 Qxf6 7. Qb3 Nc6 8. e3 O-O 9. a3 dxc4 10. Bxc4 Bd6 11. Bd3 e5 12. d5 Nd8 13. Qc4 Qe7 14. g4 a6 15. Rg1 b5 16. Qe4 f5 17. gxf5 Bxf5 18. Qxf5 Rxf5 19. Bxf5 b4 20. axb4 Bxb4 21. Kf1 Bxc3 22. bxc3 Qc5 23. Rd1 Nf7 24. Rg6 Nd6 25. Be6+ Kh7 26. Nxe5 Qxc3 27. Rd4 Rf8 28. Rg3 Nf5 29. Rf3 Nxd4 0-1

[Event "WSCC 65 Women 2017"]
[Site "?"]
[Date "2017.11.10"]
[Round "4"]
[White "Titorenko, Natalia I"]
[Black "Fatalibekova, Elena"]
[Result "1/2-1/2"]
[ECO "B33"]
[WhiteElo "2146"]
[BlackElo "2202"]
[PlyCount "26"]
[EventDate "2017.??.??"]
[EventType "swiss"]
[EventCountry "ITA"]
[SourceTitle "Acqui Terme"]
[TimeControl "40/5400+30:1800+30"]
[WhiteClock "1:25:56"]
[BlackClock "1:27:56"]

1. e4 c5 2. Nf3 e6 3. d4 cxd4 4. Nxd4 Nf6 5. Nc3 Nc6 6. Ndb5 d6 7. Bf4 e5 8. Bg5 a6 9. Na3 b5 10. Nd5 Qa5+ 11. Bd2 Qd8 12. Bg5 Qa5+ 13. Bd2 Qd8 1/2-1/2

[Event "WSCC 65 Women 2017"]
[Site "?"]
[Date "2017.11.11"]
[Round "4"]
[White "Sorokina, Tamara"]
[Black "Iskichekova, Nadezhda"]
[Result "1/2-1/2"]
[ECO "D12"]
[WhiteElo "2055"]
[BlackElo "1726"]
[PlyCount "170"]
[EventDate "2017.??.??"]
[EventType "swiss"]
[EventCountry "ITA"]
[SourceTitle "Acqui Terme"]
[TimeControl "40/5400+30:1800+30"]
[WhiteClock "0:04:28"]
[BlackClock "0:07:03"]

1. Nf3 Nf6 2. c4 c6 3. d4 d5 4. e3 Bf5 5. Nc3 e6 6. Be2 Bd6 7. Nh4 Be4 8. Nf3 Nbd7 9. a3 Bxf3 10. gxf3 dxc4 11. Bxc4 Nb6 12. Bb3 O-O 13. e4 Nh5 14. e5 Be7 15. f4 g6 16. Be3 Ng7 17. Qe2 Nd5 18. Nxd5 cxd5 19. O-O Qb6 20. Qd3 Nf5 21. Rac1 Rac8 22. Rc3 Rxc3 23. Qxc3 Qc6 24. Qd3 Qd7 25. Bd1 Rc8 26. Be2 a6 27. Bd2 Qa4 28. Bc3 Qb3 29. Ra1 h5 30. Qd2 Kg7 31. Bd3 Nh4 32. Qe2 Rc6 33. h3 b5 34. Kh2 Rc8 35. Bc2 Qc4 36. Qxc4 bxc4 37. Kg3 Nf5+ 38. Bxf5 gxf5 39. Kf3 Rb8 40. Ke3 Rb3 41. Kd2 f6 42. exf6+ Kxf6 43. Rg1 Kf7 44. Rg2 Bd6 45. Rg1 Bxf4+ 46. Kc2 Rb8 47. Rb1 Kf6 48. b4 cxb3+ 49. Rxb3 Rxb3 50. Kxb3 e5 51. Kb4 exd4 52. Bxd4+ Be5 53. Bc5 Ke6 54. Ka5 Bd6 55. Bd4 Bxa3 56. Kxa6 Kd6 57. Kb5 f4 58. f3 Bc1 59. Kb4 Kc6 60. Kc3 Kb5 61. Kd3 Kb4 62. Bf6 Kb3 63. Be7 Be3 64. Bf6 Ka2 65. Bd4 Bc1 66. Kc2 Ba3 67. Be5 Bc5 68. Bxf4 Ka3 69. Kd3 Kb4 70. Be5 Kb5 71. f4 Kc6 72. f5 Kd7 73. Ke2 Ke7 74. Kf3 Kf7 75. Kf4 Be7 76. Bd4 Bf6 77. Bc5 Kg7 78. Bd6 Kf7 79. Bc7 Ke7 80. Be5 Kf7 81. Bd6 Kg7 82. Kf3 Kh6 83. Bf4+ Kg7 84. Bd2 Kf7 85. Kf4 Kg7 1/2-1/2

[Event "WSCC 65 Women 2017"]
[Site "?"]
[Date "2017.11.11"]
[Round "4"]
[White "Khmiadashvili, Tamar"]
[Black "Titorenko, Natalia I"]
[Result "1/2-1/2"]
[ECO "D01"]
[WhiteElo "1982"]
[BlackElo "2146"]
[PlyCount "71"]
[EventDate "2017.??.??"]
[EventType "swiss"]
[EventCountry "ITA"]
[SourceTitle "Acqui Terme"]
[TimeControl "40/5400+30:1800+30"]
[WhiteClock "0:02:47"]
[BlackClock "0:02:38"]

1. d4 d5 2. Nc3 Nf6 3. Bg5 Nbd7 4. e3 c6 5. Bd3 e5 6. Bf5 Be7 7. Bxd7+ Nxd7 8. Bxe7 Qxe7 9. dxe5 Nxe5 10. Qd4 O-O 11. Nf3 Re8 12. Nxe5 Qxe5 13. O-O-O Bf5 14. Qxe5 Rxe5 15. Rd4 Rae8 16. Rhd1 h5 17. a4 a5 18. b4 axb4 19. Rxb4 R5e7 20. Kb2 g6 21. a5 Ra8 22. Ra1 Rd7 23. Rb6 c5 24. Nb5 Ra6 25. Kc3 Kg7 26. Ra4 Be6 27. Kd2 Kf8 28. Ra1 Ke7 29. c3 Kd8 30. f3 Kc8 31. Ra4 Rd8 32. Ra1 Rd7 33. h4 Kb8 34. Rxa6 bxa6 35. Na3 Rb7 36. Rb1 1/2-1/2

[Event "WSCC 65 Women 2017"]
[Site "?"]
[Date "2017.11.14"]
[Round "6"]
[White "Sorokina, Tamara"]
[Black "Kabanova, Irina"]
[Result "1/2-1/2"]
[ECO "A05"]
[WhiteElo "2055"]
[BlackElo "1816"]
[PlyCount "61"]
[EventDate "2017.??.??"]
[EventType "swiss"]
[EventCountry "ITA"]
[SourceTitle "Acqui Terme"]
[TimeControl "40/5400+30:1800+30"]
[WhiteClock "0:53:42"]
[BlackClock "0:44:08"]

1. Nf3 Nf6 2. d4 e6 3. Nbd2 d5 4. e3 Nbd7 5. Bd3 c5 6. c3 Bd6 7. O-O O-O 8. Qe2 a6 9. e4 dxe4 10. Nxe4 Nxe4 11. Bxe4 h6 12. Rd1 cxd4 13. Nxd4 Qe7 14. Bc2 Nf6 15. h3 e5 16. Nf5 Bxf5 17. Bxf5 e4 18. Bg4 h5 19. Bxh5 Qe5 20. Rxd6 Qxd6 21. Be3 Nxh5 22. Qxh5 Rfe8 23. Bd4 Re6 24. Qg4 Rg6 25. Qxe4 Qd7 26. b3 Re8 27. Qf3 b5 28. b4 Rge6 29. Qg3 Rg6 30. Qf3 Rge6 31. Qg3 1/2-1/2

[Event "WSCC 65 Women 2017"]
[Site "?"]
[Date "2017.11.14"]
[Round "6"]
[White "Khmiadashvili, Tamar"]
[Black "Fatalibekova, Elena"]
[Result "1/2-1/2"]
[ECO "A45"]
[WhiteElo "1982"]
[BlackElo "2202"]
[PlyCount "77"]
[EventDate "2017.??.??"]
[EventType "swiss"]
[EventCountry "ITA"]
[SourceTitle "Acqui Terme"]
[TimeControl "40/5400+30:1800+30"]
[WhiteClock "0:02:20"]
[BlackClock "0:08:59"]

1. d4 Nf6 2. c3 b6 3. Bg5 Bb7 4. Nd2 e6 5. Ngf3 Be7 6. e3 h6 7. Bxf6 Bxf6 8. Qc2 d5 9. Bd3 Nd7 10. e4 dxe4 11. Bxe4 Qc8 12. O-O O-O 13. Rfe1 c5 14. Bxb7 Qxb7 15. Qe4 Rab8 16. Rad1 cxd4 17. Nxd4 Nc5 18. Qxb7 Rxb7 19. N2b3 Na4 20. Rb1 Rd8 21. Kf1 Rd5 22. Nc2 Rbd7 23. Ne3 Rh5 24. h3 g6 25. Red1 Rxd1+ 26. Nxd1 Rb5 27. Rc1 Rd5 28. Ne3 Rd8 29. Rc2 Kf8 30. Ke2 Ke7 31. g3 g5 32. Nd1 Be5 33. Rd2 Rxd2+ 34. Nxd2 b5 35. Kd3 f5 36. g4 Nc5+ 37. Ke2 Bf4 38. f3 a6 39. b3 1/2-1/2

[Event "WSCC 65 Women 2017"]
[Site "?"]
[Date "2017.11.15"]
[Round "7"]
[White "Fatalibekova, Elena"]
[Black "Gaprindashvili, Nona"]
[Result "1/2-1/2"]
[ECO "B00"]
[WhiteElo "2202"]
[BlackElo "2306"]
[PlyCount "66"]
[EventDate "2017.??.??"]
[EventType "swiss"]
[EventCountry "ITA"]
[SourceTitle "Acqui Terme"]
[TimeControl "40/5400+30:1800+30"]
[WhiteClock "0:44:40"]
[BlackClock "0:42:42"]

1. e4 b6 2. d4 Bb7 3. Bd3 g6 4. Nf3 Bg7 5. O-O e6 6. c4 d6 7. Nc3 Ne7 8. Be3 O-O 9. Qd2 c5 10. d5 e5 11. Bh6 Nd7 12. a4 a5 13. Nb5 Nf6 14. Rfe1 Bc8 15. Ra3 Ng4 16. Bxg7 Kxg7 17. h3 Nh6 18. Bc2 f6 19. Nh2 Nf7 20. Rf1 g5 21. Bd1 Ng6 22. Bg4 Nf4 23. Bxc8 Qxc8 24. Ng4 f5 25. exf5 Qxf5 26. Ne3 Qd7 27. Nc3 h6 28. Ne4 Nh8 29. Qd1 Rad8 30. Qg4 Qxg4 31. hxg4 Ne2+ 32. Kh2 Nd4 33. Ng3 Kf6 1/2-1/2

[Event "WSCC 65 Women 2017"]
[Site "?"]
[Date "2017.11.15"]
[Round "7"]
[White "Sorokina, Tamara"]
[Black "Khmiadashvili, Tamar"]
[Result "1/2-1/2"]
[ECO "A05"]
[WhiteElo "2055"]
[BlackElo "1982"]
[PlyCount "41"]
[EventDate "2017.??.??"]
[EventType "swiss"]
[EventCountry "ITA"]
[SourceTitle "Acqui Terme"]
[TimeControl "40/5400+30:1800+30"]
[WhiteClock "0:46:08"]
[BlackClock "0:22:44"]

1. Nf3 Nf6 2. c4 d6 3. g3 e5 4. d3 Be7 5. Bg2 O-O 6. O-O a5 7. Nc3 c6 8. a3 Nbd7 9. Qc2 Ne8 10. d4 f5 11. e3 e4 12. Ne1 Nef6 13. f3 exf3 14. Nxf3 Nb6 15. b3 a4 16. Nxa4 Nxa4 17. bxa4 Qa5 18. Bb2 Qxa4 19. Qd3 Bd7 20. Nd2 d5 21. Rfc1 1/2-1/2

[Event "WSCC 65 Women 2017"]
[Site "?"]
[Date "2017.11.15"]
[Round "7"]
[White "Kabanova, Irina"]
[Black "Titorenko, Natalia I"]
[Result "1-0"]
[ECO "B07"]
[WhiteElo "1816"]
[BlackElo "2146"]
[PlyCount "100"]
[EventDate "2017.??.??"]
[EventType "swiss"]
[EventCountry "ITA"]
[SourceTitle "Acqui Terme"]
[TimeControl "40/5400+30:1800+30"]
[WhiteClock "0:44:25"]
[BlackClock "0:30:23"]

1. e4 d6 2. d4 Nf6 3. Nc3 g6 4. f3 Bg7 5. Be3 c6 6. Qd2 h6 7. Bd3 a5 8. a3 Nbd7 9. Nge2 Rb8 10. Nd1 b5 11. b4 Ra8 12. Qc1 axb4 13. axb4 Rxa1 14. Qxa1 O-O 15. O-O Nb6 16. Nb2 Qc7 17. c3 Be6 18. Qc1 Kh7 19. Qc2 Ra8 20. Nf4 Bc4 21. Bxc4 bxc4 22. Ne2 Nfd7 23. f4 Ra2 24. Nc1 Ra3 25. Ne2 Ra2 26. Nc1 Ra3 27. Ne2 Kg8 28. Qd2 Nf6 29. Qc2 d5 30. e5 Ne4 31. f5 g5 32. Bd2 Ra2 33. Nc1 Ra1 34. Ne2 Rxf1+ 35. Kxf1 f6 36. e6 Qxh2 37. Ng1 Qh4 38. Be1 Qg4 39. Nf3 Qxf5 40. Kg1 Qxe6 41. Na4 Nxa4 42. Qxa4 Kf7 43. b5 cxb5 44. Qxb5 Nd6 45. Qc6 g4 46. Bg3 gxf3 47. gxf3 Qe3+ 48. Kg2 Qe2+ 49. Kg1 Qxf3 50. Bxd6 Qe3+ {[%emt 0:00:00] Kf2} 1-0

[Event "WSCC 65 Women 2017"]
[Site "?"]
[Date "2017.11.17"]
[Round "8"]
[White "Gaprindashvili, Nona"]
[Black "Kuznetsova, Luba"]
[Result "1-0"]
[ECO "A53"]
[WhiteElo "2306"]
[BlackElo "2008"]
[PlyCount "107"]
[EventDate "2017.??.??"]
[EventType "swiss"]
[EventCountry "ITA"]
[SourceTitle "Acqui Terme"]
[TimeControl "40/5400+30:1800+30"]
[WhiteClock "1:00:53"]
[BlackClock "0:08:59"]

1. d4 Nf6 2. c4 d6 3. Nc3 g6 4. e4 c6 5. f3 Bg7 6. Be3 Qc7 7. g4 h5 8. g5 Ng8 9. Nh3 Nd7 10. Qd2 e5 11. d5 c5 12. Nf2 a6 13. Be2 Ne7 14. O-O O-O 15. Kh1 Rb8 16. a4 b6 17. Nd3 Qd8 18. Qe1 Bb7 19. Qg3 Qc7 20. Rae1 Rbe8 21. Bd1 Rd8 22. Bb3 Bc8 23. Rf2 Bb7 24. Rd2 Qb8 25. Bd1 Bc8 26. Be2 Rde8 27. Bf1 Rd8 28. Rb1 a5 29. Nb5 Ba6 30. b3 Bxb5 31. cxb5 Nc8 32. Nb2 Rde8 33. Bh3 Qc7 34. Nc4 Kh7 35. Rf1 Re7 36. Rdf2 Kg8 37. Bg2 Ree8 38. Re2 Re7 39. Bh3 Ree8 40. Qh4 Re7 41. Bd2 Ree8 42. Bc3 Re7 43. Bb2 Ree8 44. Qe1 Kh7 45. Ref2 Re7 46. Qd2 Ree8 47. Bc3 Re7 48. Qb2 f5 49. gxf6 Bxf6 50. Rg2 Rg7 51. Bd2 Qd8 52. Qc1 g5 53. Bf5+ Kh8 54. Rfg1 1-0

[Event "WSCC 65 Women 2017"]
[Site "?"]
[Date "2017.11.17"]
[Round "8"]
[White "Fatalibekova, Elena"]
[Black "Iskichekova, Nadezhda"]
[Result "1-0"]
[ECO "C10"]
[WhiteElo "2202"]
[BlackElo "1726"]
[PlyCount "129"]
[EventDate "2017.??.??"]
[EventType "swiss"]
[EventCountry "ITA"]
[SourceTitle "Acqui Terme"]
[TimeControl "40/5400+30:1800+30"]
[WhiteClock "1:03:33"]
[BlackClock "0:09:45"]

1. e4 e6 2. d4 d5 3. Nc3 dxe4 4. Nxe4 Bd7 5. Bd3 Bc6 6. Nf3 Nd7 7. O-O Ngf6 8. Nxf6+ Nxf6 9. Ne5 Qd5 10. Nxc6 Qxc6 11. c4 Qd7 12. Be3 Be7 13. Qe2 O-O 14. Rfd1 c6 15. a3 Rfd8 16. h3 Qc7 17. Rac1 Kf8 18. Qf3 h6 19. g4 Qd7 20. h4 e5 21. Bf5 Qd6 22. g5 hxg5 23. hxg5 Ng8 24. c5 Qd5 25. Be4 Qe6 26. d5 cxd5 27. Bxd5 Qg6 28. Be4 Rxd1+ 29. Rxd1 f5 30. Bxf5 Qf7 31. Be4 Qxf3 32. Bxf3 Rd8 33. Rxd8+ Bxd8 34. Bxb7 a5 35. Be4 Ne7 36. b4 axb4 37. axb4 Ke8 38. Kf1 Kd7 39. Ke2 Ke6 40. Kd3 Nd5 41. Bd2 Nf4+ 42. Bxf4 exf4 43. g6 Bh4 44. f3 Bf2 45. Kc4 Kd7 46. b5 Kc7 47. b6+ Kc8 48. Kb5 Bh4 49. c6 Bd8 50. Bf5+ Kb8 51. c7+ Bxc7 52. bxc7+ Kxc7 53. Kc5 Kd8 54. Kd6 Ke8 55. Ke5 Ke7 56. Kxf4 Kf6 57. Be4 Ke6 58. Kg5 Ke5 59. Bb1 Ke6 60. f4 Ke7 61. f5 Kf8 62. f6 Kg8 63. fxg7 Kxg7 64. Kf5 Kg8 65. Kf6 1-0

[Event "WSCC 65 Women 2017"]
[Site "?"]
[Date "2017.11.17"]
[Round "8"]
[White "Titorenko, Natalia I"]
[Black "Sorokina, Tamara"]
[Result "1-0"]
[ECO "B42"]
[WhiteElo "2146"]
[BlackElo "2055"]
[PlyCount "83"]
[EventDate "2017.??.??"]
[EventType "swiss"]
[EventCountry "ITA"]
[SourceTitle "Acqui Terme"]
[TimeControl "40/5400+30:1800+30"]
[WhiteClock "0:02:09"]
[BlackClock "0:32:49"]

1. e4 c5 2. Nf3 e6 3. d4 cxd4 4. Nxd4 a6 5. Bd3 Ne7 6. O-O Nbc6 7. Nf3 Ng6 8. c4 Be7 9. Nc3 d6 10. Be3 Bd7 11. Na4 Qc7 12. Bb6 Qc8 13. Rc1 O-O 14. c5 d5 15. exd5 exd5 16. Nc3 Be6 17. Bxg6 hxg6 18. Nxd5 Bxd5 19. Qxd5 Bf6 20. b3 Re8 21. Rcd1 Re7 22. h3 Qf8 23. Rfe1 Rae8 24. Kf1 Rxe1+ 25. Rxe1 Rxe1+ 26. Nxe1 Qe7 27. Nc2 g5 28. Ne3 g6 29. a3 Kg7 30. Nc4 Nd4 31. Ne3 Nc6 32. b4 Bd4 33. Ke2 Bb2 34. a4 Bf6 35. Qc4 Qe5 36. b5 axb5 37. axb5 Qb2+ 38. Nc2 Nd4+ 39. Kd3 Nxc2 40. Qxc2 Qxb5+ 41. Qc4 Qb1+ 42. Ke2 1-0

[Event "WSCC 65 Women 2017"]
[Site "?"]
[Date "2017.11.18"]
[Round "9"]
[White "Gaprindashvili, Nona"]
[Black "Serjmyadag, Damdin"]
[Result "1-0"]
[ECO "E73"]
[WhiteElo "2306"]
[BlackElo "1934"]
[PlyCount "27"]
[EventDate "2017.??.??"]
[EventType "swiss"]
[EventCountry "ITA"]
[SourceTitle "Acqui Terme"]
[TimeControl "40/5400+30:1800+30"]
[WhiteClock "1:22:12"]
[BlackClock "1:19:31"]

1. d4 Nf6 2. c4 g6 3. Nc3 Bg7 4. e4 d6 5. Be2 Nc6 6. d5 Ne5 7. f4 Ned7 8. Nf3 c5 9. e5 Ng4 10. e6 fxe6 11. Ng5 Bxc3+ 12. bxc3 Ngf6 13. dxe6 Nf8 14. Qa4+ 1-0

[Event "WSCC 65 Women 2017"]
[Site "?"]
[Date "2017.11.18"]
[Round "9"]
[White "Sorokina, Tamara"]
[Black "Fatalibekova, Elena"]
[Result "1/2-1/2"]
[ECO "D02"]
[WhiteElo "2055"]
[BlackElo "2202"]
[PlyCount "88"]
[EventDate "2017.??.??"]
[EventType "swiss"]
[EventCountry "ITA"]
[SourceTitle "Acqui Terme"]
[TimeControl "40/5400+30:1800+30"]
[WhiteClock "0:29:52"]
[BlackClock "0:35:07"]

1. Nf3 d5 2. d4 c5 3. e3 Bg4 4. c3 e6 5. Qa4+ Nd7 6. Ne5 Ngf6 7. Nxg4 Nxg4 8. dxc5 Nge5 9. b4 a5 10. Qb3 b6 11. f4 Nc6 12. cxb6 Qxb6 13. b5 a4 14. Qc2 Na5 15. Qxa4 Bc5 16. Kf2 Nf6 17. Kf3 O-O 18. Qc2 Ne4 19. a4 Rac8 20. Bd3 f5 21. Re1 g5 22. g3 e5 23. Kg2 g4 24. Qa2 Rcd8 25. Qc2 Qh6 26. Kg1 exf4 27. gxf4 Qxf4 28. Ra2 Ng5 29. Kh1 Qe5 30. c4 d4 31. Qe2 dxe3 32. Bxe3 Bxe3 33. Qxe3 Qxe3 34. Rxe3 f4 35. Re5 Nf3 36. Rd5 Rde8 37. Re2 Rxe2 38. Bxe2 Re8 39. Nc3 Re3 40. Rd3 Nxc4 41. Rxe3 Nxe3 42. b6 Ne5 43. a5 f3 44. b7 Nd7 1/2-1/2

[Event "WSCC 65 Women 2017"]
[Site "?"]
[Date "2017.11.18"]
[Round "9"]
[White "Kabanova, Irina"]
[Black "Khmiadashvili, Tamar"]
[Result "0-1"]
[ECO "B12"]
[WhiteElo "1816"]
[BlackElo "1982"]
[PlyCount "138"]
[EventDate "2017.??.??"]
[EventType "swiss"]
[EventCountry "ITA"]
[SourceTitle "Acqui Terme"]
[TimeControl "40/5400+30:1800+30"]
[WhiteClock "0:03:20"]
[BlackClock "0:02:39"]

1. e4 c6 2. d4 g6 3. Nc3 Bg7 4. Be3 d6 5. Qd2 b5 6. a3 a6 7. Bd3 Nd7 8. Nge2 Nb6 9. Nd1 Nc4 10. Bxc4 bxc4 11. c3 d5 12. f3 h5 13. Nf2 Nf6 14. e5 Ng8 15. h4 Nh6 16. Ng3 Rb8 17. O-O Qb6 18. Nd1 Nf5 19. Nxf5 Bxf5 20. Rf2 a5 21. a4 Kd7 22. Bf4 e6 23. Bg5 c5 24. dxc5 Qxc5 25. Be3 Qc7 26. f4 Bf8 27. Bd4 Be7 28. g3 Rb7 29. Ne3 Bd3 30. Nxd5 Qc6 31. Nxe7 Kxe7 32. Qe3 Rc8 33. Kh2 Ke8 34. Rd2 Rcb8 35. Qf2 Rb3 36. Bc5 R8b7 37. Ba3 Qd5 38. Rad1 Qc6 39. Qe3 Rd7 40. Rxd3 cxd3 41. Rxd3 Rbb7 42. Qd2 Rxd3 43. Qxd3 Rd7 44. Bd6 Rb7 45. Qc2 Qc4 46. Ba3 Rd7 47. Bd6 Rb7 48. Ba3 Kd7 49. Qd2+ Kc8 50. Qc2 Rc7 51. Bd6 Rc6 52. Ba3 Kb7 53. Be7 Ka6 54. Ba3 Rb6 55. Be7 Rb3 56. Ba3 Qxa4 57. Qg2 Rb7 58. Qd2 Rd7 59. Bd6 Qb5 60. Qc2 Rb7 61. Ba3 Rc7 62. Qg2 Qd5 63. Qe2+ Kb7 64. Bd6 Rc4 65. Qc2 Re4 66. b4 Re1 67. Qg2 Qxg2+ 68. Kxg2 a4 69. b5 Ra1 0-1